 Dungeon Crawl Stone Soup version 0.32-a0-290-g598725c5f2 (webtiles) character file.

Game seed: 8642955513634678707

121 CougarLife the Digger (level 5, 0/28 HPs)
             Began as a Gargoyle Earth Elementalist on Feb 14, 2024.
             Slain by a gnoll
             ... wielding a +0 whip
              (7 damage)
             ... on level 2 of the Dungeon.
             The game lasted 00:01:52 (2240 turns).

CougarLife the Digger (Gargoyle Earth Elementalist) Turns: 2240, Time: 00:01:53

Health: 0/28       AC:  6    Str: 12    XL:     5   Next: 5%
Magic:  3/9        EV: 11    Int: 17    God:
Gold:   133        SH:  0    Dex: 10    Spells: 9/10 levels left

rFire   . . .        d - +0 dagger
rCold   . . .        (no shield)
rNeg    + . .        a - +0 robe
rPois   ∞            (no helmet)
rElec   +            (no cloak)
rCorr   .            (no gloves)
SInv    .            (no boots)
Will    .....        (no amulet)
Stlth   ++           (no ring)
HPRegen 0.24/turn    (no ring)
MPRegen 0.11/turn

%: no passive effects
@: very slightly contaminated
A: sickness immunity, AC +4, negative energy resistance 1, electricity
resistance, torment resistance 1, petrification resistance
a: no special abilities


You were on level 2 of the Dungeon.
You visited 1 branch of the dungeon, and saw 3 of its levels.

You collected 133 gold pieces.

Inventory:

Hand Weapons
 d - a +0 dagger (weapon)
Armour
 a - a +0 robe (worn)
Scrolls
 c - a scroll of noise {unknown}
 e - 4 scrolls of identify {unknown}
 j - a scroll of enchant armour {unknown}
 k - 3 scrolls of fog {unknown}
 l - a scroll of amnesia {unknown}
Potions
 b - 2 potions of magic
 f - 2 potions of degeneration {unknown}
 g - a potion of berserk rage {unknown}
 h - a potion of mutation {unknown}
 i - a potion of attraction {unknown}
 m - a potion of resistance {unknown}
 n - a potion of heal wounds {unknown}


   Skills:
 - Level 1.5 Dodging
 - Level 2.1 Stealth
 + Level 3.1 Spellcasting
 + Level 3.0 Conjurations
 + Level 4.8 Earth Magic


You had 9 spell levels left.
You knew the following spells:

 Your Spells              Type           Power      Damage    Failure   Level
a - Sandblast             Erth           38%        2d10      2%          1

Your spell library contained the following spells:

 Spells                   Type           Power      Damage    Failure   Level
 Passwall                 Erth           19%        N/A       7%          3
 Stone Arrow              Conj/Erth      32%        3d9       11%         3
 Freeze                   Ice            8%         1d3       17%         1
 Hailstorm                Conj/Ice       7%         3d5       28%         3
 Brom's Barrelling Bould  Conj/Erth      16%        2d4       34%         4
 Call Canine Familiar     Summ           2%         N/A       45%         3
 Frozen Ramparts          Ice            4%         1d1       45%         3
 Sigil of Binding         Hex            2%         N/A       45%         3
 Petrify                  Alch/Erth      10%        N/A       54%         4
 Dimensional Bullseye     Hex/Tloc       1%         N/A       86%         4


Dungeon Overview and Level Annotations

Branches:
Dungeon (3/15)

Altars:

Annotations:
D:2 Ijyb


Innate Abilities, Weirdness & Mutations

You are immune to sickness and miasma.
Your stone body is resilient. (AC +4)
You are immune to poison.
You resist negative energy. (rN+)
You are resistant to electric shocks. (rElec)
You are resistant to unholy torment.
You are immune to petrification.


Message History

You kill the endoplasm!
The gnoll shouts!
Your Conjurations skill increases to level 3!
The blast of sand hits Ijyb.
Ijyb is lightly wounded.
The blast of sand hits Ijyb!
Ijyb is severely wounded.
Ijyb hits you with a +0 dagger.
You miscast Sandblast.
You are very lightly contaminated with residual magic.
Nothing appears to happen.
Ijyb hits you with a +0 dagger. Ijyb hits you but does no damage.
The gnoll closely misses you.
You climb upwards.
There is a stone staircase leading down here.
The blast of sand hits Ijyb but does no damage.
Ijyb is severely wounded.
Ijyb zaps a wand.
The puff of flame hits you. The gnoll closely misses you.
Ijyb zaps a wand.
The puff of flame hits you. The gnoll hits you with a +0 whip.
You are too injured to fight recklessly!
You are too injured to fight recklessly!
Casting: Sandblast (safe; 2% risk of failure)
Confirm with . or Enter, or press ? or * to list all spells.
Aiming: Sandblast (safe; 2% risk of failure)
Press: ? - help, Shift-Dir - straight line, f/p - Ijyb
Aim: Ijyb, wielding a +0 dagger, wearing a +0 leather armour and carrying a wand of flame (severely wounded, 77% to hit)
The blast of sand hits Ijyb but does no damage.
Ijyb is severely wounded.
Ijyb hits you but does no damage. The gnoll misses you.
Casting: Sandblast (safe; 2% risk of failure)
Confirm with . or Enter, or press ? or * to list all spells.
Aiming: Sandblast (safe; 2% risk of failure)
Press: ? - help, Shift-Dir - straight line, f/p - Ijyb
Aim: Ijyb, wielding a +0 dagger, wearing a +0 leather armour and carrying a wand of flame (severely wounded, 77% to hit)
The blast of sand hits Ijyb.
Ijyb is almost dead.
Ijyb hits you with a +0 dagger.
* * * LOW HITPOINT WARNING * * *
The gnoll hits you with a +0 whip!
You die...

############
#......<.g@# ######
#.########g#
######..... #.#
#.....######)........<
#.#
#.###........####.####
#.# #.# #.######## #.#
###.# #.# #.# #.#
#...# #.#
#.###########.# #.####
#.# #.............#
#....###.#
###############


You could see Ijyb and a gnoll.

Vanquished Creatures
  A hound (D:2)
  2 adders (D:2)
  3 dart slugs
  2 ribbon worms
  An orc (D:3)
  2 ball pythons
  8 bats
  An endoplasm (D:3)
  A goblin (D:1)
  3 hobgoblins
  2 quokkas (D:1)
  2 frilled lizards
  4 kobolds
  5 rats
37 creatures vanquished.

Notes
Turn   | Place    | Note
-------+----------+-------------------------------------------
     0 | D:1      | CougarLife the Gargoyle Earth Elementalist began the quest
                  | for the Orb.
     0 | D:1      | Reached XP level 1. HP: 10/10 MP: 3/3
    87 | D:1      | Reached XP level 2. HP: 11/15 MP: 0/5
   179 | D:1      | Reached skill level 4 in Earth Magic
   461 | D:1      | Reached XP level 3. HP: 19/19 MP: 4/6
  1266 | D:2      | Reached XP level 4. HP: 22/24 MP: 0/8
  2132 | D:3      | Found a faded altar of an unknown god.
  2169 | D:3      | Reached XP level 5. HP: 28/28 MP: 7/9
  2228 | D:3      | Noticed Ijyb
  2240 | D:2      | Slain by a gnoll

Illustrated notes

Levels and vault maps discovered:
D:1:      orjb1_lava_funnel, layout_basic
D:2:      minmay_recursive_quarters, layout_loops_ring, minmay_misc_feat_alley
D:3:      layout_rooms, basic_ecumenical_altar, uniq_ijyb

Skill      XL: |  1  2  3  4  5 |
---------------+----------------+-----
Earth Magic    | 4 |  4.8
Conjurations   | 2 3 |  3.0
Spellcasting   | 3 |  3.1
Dodging        | |  1.5
Stealth        | |  2.1

Action                     |  1- 3 |  4- 6 || total
---------------------------+-------+-------++-------
  Melee: Dagger            |     2 |     1 ||     3
   Cast: Sandblast         |    37 |    24 ||    61
 Armour: Robe              |    17 |    11 ||    28
  Dodge: Dodged            |    12 |    10 ||    22

Table legend: (Time is in decaauts)
 A = Elapsed time spent in this place.
 B = Non-inter-level travel time spent in this place.
 C = Inter-level travel time spent in this place.
 D = Time resting spent in this place.
 E = Time spent auto-exploring this place.
 F = Levels seen in this place.
 G = Mean time per level.
                   A        B        C        D        E       F      G
               +--------+--------+--------+--------+--------+-----+--------+
         Total |   2269 |   2255 |     14 |      0 |   2020 |   3 |  756.3 |
       Dungeon |   2269 |   2255 |     14 |      0 |   2020 |   3 |  756.3 |
               +--------+--------+--------+--------+--------+-----+--------+

Top non-repeatable levels by time:
     D:1: 1133 daAuts
     D:2: 894 daAuts
     D:3: 241 daAuts
